 Dungeon Crawl Stone Soup version 0.27-a0-767-g00efbec225 (webtiles) character file.

Game seed: 18344118458201801447

10416 DasRunzen the Conjurer (level 11, -41/89 HPs)
             Began as a Demigod Conjurer on Mar 25, 2021.
             Annihilated by a boulder beetle (59 damage)
             ... on level 1 of the Lair of Beasts.
             The game lasted 00:29:53 (12637 turns).

DasRunzen the Conjurer (Demigod Conjurer)          Turns: 12637, Time: 00:29:54

Health: -41/89     AC: 10    Str: 24    XL:     11   Next: 14%
Magic:  19/23      EV: 30    Int: 26    God:
Gold:   399        SH:  0    Dex: 16    Spells: 15/21 levels left

rFire    . . .     SeeInvis .   e - staff of conjuration
rCold    . . .     Faith    .   (no shield)
rNeg     . . .     Spirit   .   a - +1 robe
rPois    .         Reflect  .   (no helmet)
rElec    .         Harm     .   y - +2 cloak {Stlth+}
rCorr    .         Rampage  .   l - +2 pair of gloves
Will     +....                  (no boots)
Stlth    +++.......             h - amulet of the acrobat
HPRegen  0.24/turn              n - +6 ring of strength
MPRegen  0.18/turn              j - +6 ring of intelligence

@: acrobatic
A: high mp 1, forlorn, strong 1, evolution 1, no potion heal 1
a: no special abilities


You were on level 1 of the Lair of Beasts.
You visited 2 branches of the dungeon, and saw 10 of its levels.

You collected 399 gold pieces.

Inventory:

Hand Weapons
 s - a +1 scimitar of flaming
 u - a +6 trident
 A - the +8 frozen axe "Frostbite" {freezing cloud, *Noise +Fly rC+}
   (You found it on level 1 of the Lair of Beasts)

   It has been specially enchanted to freeze those struck by it, causing extra
   injury to most foes and up to half again as much damage against particularly
   susceptible opponents.
   It can also slow down cold-blooded creatures.
   It protects you from cold.
   It lets you fly.
   It may make noises in combat.
Armour
 a - a +1 robe (worn)
 l - a +2 pair of gloves (worn)
 y - a +2 cloak of stealth (worn)
Magical Staves
 e - a staff of conjuration (weapon)
Jewellery
 f - a ring of resist corrosion
 h - an amulet of the acrobat (around neck)
 j - a +6 ring of intelligence (left hand)
 n - a +6 ring of strength (right hand)
 o - a +6 ring of strength
 x - a ring of see invisible
Wands
 d - a wand of acid (11)
 g - a wand of iceblast (10)
 k - a wand of polymorph (7)
 z - a wand of paralysis (12)
Scrolls
 b - 4 scrolls of magic mapping
 t - a scroll of fear
 C - 3 scrolls of acquirement
Potions
 c - 4 potions of haste
 i - 3 potions of heal wounds
 m - 2 potions of might
 p - 5 potions of resistance
 q - 2 potions of cancellation
 r - 4 potions of curing
 v - 2 potions of magic
 w - a potion of flight
 B - a potion of brilliance {unknown}


   Skills:
 + Level 5.7 Fighting
 + Level 2.3 Axes
 + Level 5.6 Staves
 + Level 5.6 Armour
 + Level 6.1 Dodging
 - Level 1.7 Stealth
 + Level 5.6 Spellcasting
 + Level 6.8 Conjurations
 + Level 5.3 Air Magic
 + Level 5.6 Evocations


You had 15 spell levels left.
You knew the following spells:

 Your Spells              Type           Power      Damage    Failure   Level
a - Magic Dart            Conj           100%       1d8       1%          1
b - Searing Ray           Conj           100%       3d7       1%          2
c - Shock                 Conj/Air       100%       1d9       1%          1
d - Swiftness             Air            34%        N/A       1%          2

Your spell library contained the following spells:

 Spells                   Type           Power      Damage    Failure   Level
 Static Discharge         Conj/Air       55%        N/A       1%          3
 Mephitic Cloud           Conj/Pois/Air  42%        N/A       4%          3
 Conjure Flame            Conj/Fire      37%        6-21      5%          3
 Dazzling Flash           Conj/Hex       74%        N/A       5%          3
 Animate Skeleton         Necr           14%        N/A       8%          1
 Beastly Appendage        Tmut           14%        N/A       8%          1
 Pain                     Necr           28%        1d5       8%          1
 Airstrike                Air            17%        N/A       9%          4
 Blink                    Tloc           N/A        N/A       11%         2
 Call Imp                 Summ           7%         N/A       11%         2
 Slow                     Hex            7%         N/A       11%         2
 Wereblood                Tmut           7%         N/A       11%         2
 Lightning Bolt           Conj/Air       27%        1d44      17%         5
 Fulminant Prism          Conj/Hex       18%        3d11      19%         4
 Iskenderun's Mystic Bla  Conj/Tloc      37%        2d9       19%         4
 Spider Form              Tmut/Pois      3%         N/A       22%         3
 Vampiric Draining        Necr           3%         2d6       22%         3
 Animate Dead             Necr           3%         N/A       58%         4
 Ice Form                 Ice/Tmut       7%         N/A       58%         4
 Agony                    Necr           7%         N/A       90%         5
 Blade Hands              Tmut           3%         N/A       90%         5


Dungeon Overview and Level Annotations

Branches:
Dungeon (8/15)             Temple (0/1) D:4            Lair (2/6) D:8
  Swamp: Lair:2-4    Shoals: Lair:2-4     Snake: Lair:2-4    Spider: Lair:2-4

Shops:
D:6 :

Annotations:
D:7 Harold


Innate Abilities, Weirdness & Mutations

Your attributes grow dramatically as you level up.
You have an increased reservoir of magic. (+10% MP)
You shall have no god before yourself.
Your muscles are strong. (Str +2)
You evolve.
Potions are less effective at restoring your health.


Message History

Confirm with . or Enter, or press ? or * to list all spells.
Aiming: Shock (safe; 1% risk of failure)
Press: ? - help, Shift-Dir - straight line, f/p - boulder beetle
Aim: a boulder beetle (0% to evade)
You feel a surge of power!
The zap hits the boulder beetle but does no damage.
Casting: Shock (safe; 1% risk of failure)
Confirm with . or Enter, or press ? or * to list all spells.
Aiming: Searing Ray (safe; 1% risk of failure)
Press: ? - help, Shift-Dir - straight line, f/p - boulder beetle
Aim: a boulder beetle (0% to evade)
You feel a surge of power!
The searing ray hits the boulder beetle.
The boulder beetle is lightly wounded. (Press . to maintain the ray.)
The boulder beetle curls into a ball and begins rolling!
The searing ray hits the boulder beetle.
The boulder beetle is lightly wounded.
The searing ray hits the boulder beetle.
The boulder beetle is lightly wounded.
The searing ray hits the boulder beetle.
The boulder beetle is lightly wounded.
You finish channeling your searing ray.
The boulder beetle hits you!!!
Ouch! That really hurt!
The boulder beetle stops rolling and uncurls.
Things that are here:
a yak corpse; a yak corpse
There is a stone staircase leading up, spattered with blood here.
The boulder beetle waves its antennae.
The boulder beetle bites you!
* * * LOW HITPOINT WARNING * * *
You climb upwards.
There is a stone staircase leading down here.
The boulder beetle curls into a ball and begins rolling!
The boulder beetle misses you.
The boulder beetle stops rolling and uncurls.
The boulder beetle curls into a ball and begins rolling!
The boulder beetle hits you!!!
Ouch! That really hurt!
You die...

.................................
..[..............................
......######.#...>...............
......# ###.........##########
......# #..°......## ......#
#...○......# ......# #..○......##
......# ##..B......## ......##
#...@.......# .......#
##.........## ......##
##.........# ......#
#.(........## ......#
##..........# ......#
##.........## .....÷#
#..........# ......# ##.........#
......# #..........#


You could see a boulder beetle.

Vanquished Creatures
  A hydra (Lair:2)
  Erica (Lair:1)
  A torpor snail (Lair:1)
  2 black mambas
  4 cane toads
  2 komodo dragons (Lair:1)
  Grinder (D:5)
  4 yaks (Lair:2)
  A wyvern (D:8)
  A wraith (D:6)
  2 basilisks (Lair:1)
  Grum (D:8)
  8 water moccasins
  An orc warrior (D:7)
  3 black bears
  An ice beast (D:7)
  3 sky beasts
  3 ogres
  12 wolves
  3 centaurs
  2 phantoms (D:6)
  4 bullfrogs
  2 gnoll sergeants
  A water moccasin zombie (D:5)
  2 scorpions
  10 wights
  A jelly (D:7)
  Crazy Yiuf (D:7)
  A centaur zombie (D:8)
  2 orc priests
  2 bullfrog skeletons
  3 centaur skeletons
  2 iguanas (D:6)
  A gnoll shaman (D:6)
  4 orc wizards
  Natasha (thrice) (D:2)
  2 hound skeletons (D:5)
  3 howler monkey zombies (D:8)
  A howler monkey skeleton (D:4)
  14 gnolls
  5 adders
  A shadow imp (D:5)
  A white imp (D:7)
  An ufetubus (D:6)
  4 dart slugs
  13 orcs
  2 bats
  9 endoplasms
  15 goblins
  3 hobgoblins (D:1)
  6 jackals (D:1)
  5 kobolds
  3 quokkas
  7 ball pythons
  5 frilled lizards
  3 rats
199 creatures vanquished.

Vanquished Creatures (others)
  2 plants
2 creatures vanquished.

Grand Total: 201 creatures vanquished

Notes
Turn   | Place    | Note
-------+----------+-------------------------------------------
     0 | D:1      | DasRunzen the Demigod Conjurer began the quest for the Orb.
     0 | D:1      | Reached XP level 1. HP: 14/14 MP: 5/5
   306 | D:1      | Reached XP level 2. HP: 20/22 MP: 0/7
   309 | D:1      | Learned a level 2 spell: Searing Ray
   990 | D:2      | Reached skill level 1 in Armour
   990 | D:2      | Reached XP level 3. HP: 27/27 MP: 3/8
  1040 | D:2      | Reached skill level 1 in Fighting
  1064 | D:2      | Noticed Natasha
  1067 | D:2      | Killed Natasha
  1445 | D:2      | Noticed Natasha
  1447 | D:2      | Killed Natasha
  1448 | D:2      | Reached XP level 4. HP: 35/35 MP: 6/10
  1624 | D:2      | Noticed Natasha
  1627 | D:2      | Killed Natasha
  2055 | D:3      | Noticed a +0 falchion
  2055 | D:3      | Noticed a +0 short sword
  2062 | D:3      | Reached skill level 1 in Staves
  2105 | D:3      | Noticed a +0 spear
  2107 | D:3      | Noticed a +0 short sword
  2108 | D:3      | Noticed a +0 dagger
  2108 | D:3      | Noticed a +0 spear
  2108 | D:3      | Noticed a +0 falchion
  2111 | D:3      | Noticed a +0 dagger
  2558 | D:3      | Reached skill level 1 in Evocations
  2725 | D:3      | Reached XP level 5. HP: 40/40 MP: 6/11
  2854 | D:3      | Noticed a black bear
  2861 | D:3      | Killed a black bear
  2955 | D:3      | Reached XP level 6. HP: 48/48 MP: 10/13
  3308 | D:3      | Gained mutation: Potions are less effective at restoring
                  | your health. [potion of mutation]
  3308 | D:3      | Gained mutation: You evolve. [potion of mutation]
  3570 | D:4      | Found a staircase to the Ecumenical Temple.
  3928 | D:4      | Learned a level 1 spell: Shock
  3931 | D:4      | Learned a level 2 spell: Swiftness
  4438 | D:5      | Entered Level 5 of the Dungeon
  4612 | D:5      | Reached skill level 1 in Air Magic
  4666 | D:5      | Gained mutation: You are dopey. (Int -2) [evolution]
  4764 | D:5      | Reached XP level 7. HP: 27/56 MP: 10/14
  5391 | D:5      | Noticed Grinder
  5397 | D:5      | Killed Grinder
  5730 | D:6      | Reached XP level 8. HP: 63/63 MP: 4/16
  5956 | D:6      | Found Qaoxilu's Book Boutique.
  6118 | D:6      | Reached skill level 5 in Conjurations
  7482 | D:7      | Reached XP level 9. HP: 71/71 MP: 14/18
  8372 | D:7      | Found a runed translucent door.
  8373 | D:7      | Noticed Crazy Yiuf
  8380 | D:7      | Killed Crazy Yiuf
  8573 | D:7      | Noticed Harold
  9003 | D:8      | Reached skill level 5 in Dodging
  9003 | D:8      | Noticed Grum
  9015 | D:8      | Killed Grum
  9580 | D:8      | Gained mutation: Your muscles are strong. (Str +2)
                  | [evolution]
  9616 | D:8      | Found a staircase to the Lair.
  9879 | Lair:1   | Entered Level 1 of the Lair of Beasts
  9902 | Lair:1   | Noticed a cane toad
  9912 | Lair:1   | Killed a cane toad
  9913 | Lair:1   | Reached XP level 10. HP: 76/80 MP: 8/20
 10424 | Lair:1   | Reached skill level 5 in Fighting
 10424 | Lair:1   | Reached skill level 5 in Spellcasting
 10469 | Lair:1   | Found the +8 frozen axe "Frostbite" {freezing cloud, *Noise
                  | +Fly rC+}
 10473 | Lair:1   | Noticed a black mamba
 10481 | Lair:1   | Killed a black mamba
 10634 | Lair:1   | Reached skill level 5 in Evocations
 10766 | Lair:1   | Reached skill level 5 in Staves
 10766 | Lair:1   | Reached skill level 5 in Armour
 10793 | Lair:1   | You fall into a shaft and drop 1 floor!
 10907 | Lair:2   | Noticed a torpor snail
 11238 | Lair:1   | Reached skill level 1 in Axes
 11728 | Lair:1   | Killed a torpor snail
 11857 | Lair:1   | Identified 3 scrolls of acquirement
 11875 | Lair:2   | Noticed Erica
 11876 | Lair:2   | Noticed an eight-headed hydra
 11884 | Lair:1   | Killed Erica
 11885 | Lair:1   | Reached skill level 5 in Air Magic
 11969 | Lair:2   | Noticed a black mamba
 11975 | Lair:2   | Killed a black mamba
 12057 | Lair:1   | Lost mutation: You are dopey. (Int -2) [evolution]
 12266 | Lair:2   | Killed an eight-headed hydra
 12267 | Lair:2   | Reached XP level 11. HP: 78/89 MP: 14/23
 12617 | Lair:2   | Noticed a boulder beetle
 12637 | Lair:1   | Annihilated by a boulder beetle

Illustrated notes

Levels and vault maps discovered:
D:1:      erik_arrival_triangle_large, layout_rooms
D:2:      layout_loops_ring, nicolae_overflow_crystal_walls,
          cheibriados_altar_1, uniq_natasha
D:3:      layout_loops_corners, nicolae_uskayaw_en_pointe
D:4:      layout_basic, okawaru_ov_weapons_minmay,
          chequers_temple_overflow_minitemple, minmay_temple_entry_mist,
          minmay_ogre_servants
D:5:      layout_loops_ring, uniq_grinder
D:6:      minmay_chambers_of_fours, layout_gridville, serial_shops, shop
D:7:      layout_rooms, nicolae_overflow_hidden_temple, uniq_crazy_yiuf_cottage,
          uniq_harold
D:8:      layout_loops_ring, dpeg_oklobed_lair, uniq_grum
Lair:1:   layout_big_grid, serial_bayou_shore_b
Lair:2:   layout_chaotic_city, grunt_megastairs_3, uniq_erica

Skill      XL: |  1  2  3  4  5  6  7  8  9 10 |
---------------+-------------------------------+-----
Dodging        | 2 3 4 5 6 |  6.1
Spellcasting   | 2 3 4 5 |  5.6
Armour         | 1 2 3 4 5 |  5.6
Fighting       | 1 2 3 4 5 |  5.7
Conjurations   | 4 5 6 |  6.8
Staves         | 1 2 3 4 5 |  5.6
Evocations     | 1 2 3 4 5 |  5.6
Air Magic      | 1 2 3 4 5 |  5.3
Axes           | 2 |  2.3
Stealth        | |  1.7

Action                   |  1- 3 |  4- 6 |  7- 9 | 10-12 || total
-------------------------+-------+-------+-------+-------++-------
Melee: Staff             |       |    54 |    78 |    48 ||   180
 Cast: Magic Dart        |    60 |    53 |    58 |    12 ||   183
       Searing Ray       |     4 |    13 |    51 |    36 ||   104
       Shock             |       |     1 |     9 |     5 ||    15
  Use: Scroll            |     2 |    11 |    12 |     2 ||    27
       Potion            |       |     1 |       |       ||     1
 Stab: Sleeping          |       |     2 |       |       ||     2
Armor: Robe              |     2 |     9 |    30 |     9 ||    50
Dodge: Dodged            |     7 |    44 |   134 |   113 ||   298

Table legend: (Time is in decaauts)
 A = Elapsed time spent in this place.
 B = Non-inter-level travel time spent in this place.
 C = Inter-level travel time spent in this place.
 D = Time resting spent in this place.
 E = Time spent auto-exploring this place.
 F = Levels seen in this place.
 G = Mean time per level.
                   A        B        C        D        E       F      G
               +--------+--------+--------+--------+--------+-----+--------+
         Total |  12684 |  12430 |    254 |   2776 |   8160 |  10 | 1268.4 |
       Dungeon |   9898 |   9662 |    236 |   1632 |   6977 |   8 | 1237.2 |
          Lair |   2785 |   2768 |     17 |   1144 |   1183 |   2 | 1392.5 |
               +--------+--------+--------+--------+--------+-----+--------+

Top non-repeatable levels by time:
  Lair:1: 2186 daAuts
     D:6: 2109 daAuts
     D:3: 1433 daAuts
     D:8: 1141 daAuts
     D:7: 1127 daAuts
     D:5: 1078 daAuts
     D:4: 1042 daAuts
     D:2: 990 daAuts
     D:1: 975 daAuts
  Lair:2: 598 daAuts
